 Dungeon Crawl Stone Soup version 0.32-a0-705-g60f233581c (webtiles) character file.

Game seed: 8137915878073978115

15270 javelincjr the Fighter (level 11, -2/91 HPs)
             Began as a Demonspawn Warper on Mar 14, 2024.
             Was an Elder of Makhleb.
             Killed from afar by a will-o-the-wisp (4 damage)
             ... with a foxfire
             ... on level 1 of the Swamp.
             The game lasted 00:46:04 (10461 turns).

javelincjr the Fighter (Demonspawn Warper)         Turns: 10461, Time: 00:46:05

Health: -2/91      AC: 20    Str: 15    XL:     11   Next: 99%
Magic:  2/21       EV: 12    Int: 20    God:    Makhleb [****..]
Gold:   474        SH:  3    Dex: 13    Spells: 12/23 levels left

rFire   . . .        W - +5 spear (chaos)
rCold   . . .        I - +0 buckler
rNeg    . . .        F - +3 ring mail
rPois   .            b - +1 hat {Will+}
rElec   .            G - +0 cloak
rCorr   .            (no gloves)
SInv    .            S - +0 pair of boots
Will    +....        h - amulet of regeneration
Stlth   ++           i - +6 ring of intelligence
HPRegen 1.15/turn    O - +4 ring of protection
MPRegen 0.17/turn

%: no passive effects
@: very slightly contaminated
A: slimy green scales 2, foul stench 3, condensation shield
a: Renounce Religion, Minor Destruction, Lesser Servant of Makhleb, Major
Destruction


You were on level 1 of the Swamp.
You worshipped Makhleb.
Makhleb was greatly pleased with you.
You visited 4 branches of the dungeon, and saw 13 of its levels.

You collected 656 gold pieces.
You spent 182 gold pieces at shops.

Inventory:

Hand Weapons
 k - a +0 sling
 C - a +2 vampiric trident
 W - a +5 spear of chaos (weapon)
Missiles
 a - 6 datura-tipped darts
 d - 7 darts of dispersal
 p - 17 boomerangs (quivered)
 A - 23 poisoned darts
 H - 45 stones
 N - 4 javelins
Armour
 b - a +1 hat of willpower (worn)
 j - the +1 ring mail "Zesesch" {Dex+3}
   (You found it on level 1 of the Lair of Beasts)

   Dex+3:     It affects your dexterity (+3).
 l - a +0 troll leather armour
 n - a +1 scale mail of fire resistance
 u - a +2 ring mail of cold resistance
 B - +0 acid dragon scales
 D - a +2 robe of willpower
 F - a +3 ring mail (worn)
 G - a +0 cloak (worn)
 I - a +0 buckler (worn)
 S - a +0 pair of boots (worn)
 X - a +3 leather armour
 Y - the +2 robe "Vaop" {Dex+4}
   (You found it on level 8 of the Dungeon)

   Dex+4:     It affects your dexterity (+4).
Jewellery
 h - an amulet of regeneration (around neck)
 i - a +6 ring of intelligence (left hand)
 w - an amulet of guardian spirit
 O - a +4 ring of protection (right hand)
 P - a ring of fire
 Q - a ring of resist corrosion
 V - a ring of wizardry
Talismans
 f - a beast talisman
Wands
 q - a wand of paralysis (35)
 E - a wand of quicksilver (13)
 J - a wand of flame (19)
 R - a wand of roots (10)
Scrolls
 c - 3 scrolls of blinking
 r - 3 scrolls of poison
 s - 2 scrolls of noise
 v - a scroll of fear
 y - 5 scrolls of teleportation
 M - a scroll of vulnerability
Potions
 e - 4 potions of curing
 g - 3 potions of might
 m - a potion of enlightenment
 o - 2 potions of brilliance
 t - 2 potions of resistance
 x - 2 potions of berserk rage
 z - 5 potions of attraction
 K - a potion of magic {unknown}
 L - 2 potions of mutation
 T - a potion of haste {unknown}
 Z - a potion of invisibility {unknown}


   Skills:
 * Level 10.2 Fighting
 + Level 7.0 Polearms
 - Level 1.0 Throwing
 + Level 6.7 Armour
 + Level 6.8 Dodging
 + Level 3.5 Stealth
 + Level 0.2 Shields
 + Level 6.7 Spellcasting
 + Level 7.1 Translocations
 + Level 4.6 Invocations


You had 12 spell levels left.
You knew the following spells:

 Your Spells              Type           Power      Damage    Failure   Level
a - Blink                 Tloc           70%        N/A       1%          2
b - Lesser Beckoning      Tloc           70%        N/A       1%          2
c - Teleport Other        Tloc           35%        N/A       3%          3
d - Manifold Assault      Tloc           35%        N/A       12%         4

Your spell library contained the following spells:

 Spells                   Type           Power      Damage    Failure   Level
 Apportation              Tloc           70%        N/A       1%          1
 Gell's Gravitas          Tloc           35%        N/A       3%          3
 Necrotise                Necr           24%        1d5       24%         1
 Slow                     Hex            24%        N/A       24%         1
 Sting                    Conj/Alch      24%        1d4       24%         1
 Summon Small Mammal      Summ           24%        N/A       24%         1
 Call Imp                 Summ           12%        N/A       34%         2
 Ensorcelled Hibernation  Hex/Ice        12%        N/A       34%         2
 Static Discharge         Conj/Air       12%        3-4/arc   34%         2
 Sublimation of Blood     Necr           6%         N/A       34%         2
 Dimensional Bullseye     Hex/Tloc       10%        N/A       47%         4
 Iskenderun's Mystic Bla  Conj/Tloc      21%        2d6       47%         4
 Vhi's Electric Charge    Tloc/Air       42%        N/A       47%         4
 Confusing Touch          Hex            6%         N/A       56%         3
 Passwall                 Erth           6%         N/A       56%         3
 Stone Arrow              Conj/Erth      12%        3d7       56%         3
 Swiftness                Air            6%         N/A       56%         3
 Tukima's Dance           Hex            6%         N/A       56%         3
 Vampiric Draining        Necr           6%         2d6       56%         3
 Dispersal                Tloc           17%        N/A       88%         6
 Airstrike                Air            3%         2d(1-17)  93%         4
 Animate Armour           Summ/Erth      12%        N/A       93%         4
 Cause Fear               Hex            3%         N/A       93%         4
 Summon Lightning Spire   Summ/Air       6%         N/A       93%         4
 Fireball                 Conj/Fire      3%         3d4       100%        5
 Summon Hydra             Summ           3%         N/A       100%        7
 Lehudib's Crystal Spear  Conj/Erth      3%         10d2      100%        8
 Dragon's Call            Summ           3%         N/A       100%        9


Dungeon Overview and Level Annotations

Branches:
Dungeon (9/15)             Temple (1/1) D:6            Lair (2/5) D:9
  Swamp (1/4) Lair:2        Snake (0/4) Lair:2
    Orc: D:9-12

Altars:
Ashenzari
Cheibriados
Dithmenos
Fedhas
Gozag
Hepliaklqana
Kikubaaqudgha
Makhleb
Nemelex Xobeh
Okawaru
Qazlal
Ru
Sif Muna
Trog
Uskayaw
Vehumet
Wu Jian
Xom
Yredelemnul

Shops:
D:1 (   D:5 *


Innate Abilities, Weirdness & Mutations

You are mostly covered in slimy green scales. (AC +3)
You frequently emit foul miasma when damaged in melee.
A meltable shield of frost defends you. (SH +0)


Message History

You puncture the will-o-the-wisp! You burn the will-o-the-wisp.
The will-o-the-wisp is moderately damaged.
The will-o-the-wisp engulfs you but does no damage.
You hit the will-o-the-wisp but do no damage.
The will-o-the-wisp is moderately damaged.
The will-o-the-wisp engulfs you!
You hit the will-o-the-wisp but do no damage.
The will-o-the-wisp seems to grow stronger.
The will-o-the-wisp is moderately damaged.
You barely miss the will-o-the-wisp.
The will-o-the-wisp is moderately damaged.
You block the will-o-the-wisp's attack.
You barely miss the will-o-the-wisp.
The will-o-the-wisp is moderately damaged.
The will-o-the-wisp engulfs you but does no damage.
You hit the will-o-the-wisp.
The will-o-the-wisp is moderately damaged.
The will-o-the-wisp gestures.
The will-o-the-wisp conjures some marshlight! 2 foxfires come into view.
You hit the will-o-the-wisp but do no damage.
The will-o-the-wisp is moderately damaged.
The foxfire hits you!!
* * * LOW HITPOINT WARNING * * *
The will-o-the-wisp engulfs you!
* * * LOW HITPOINT WARNING * * *
The foxfire moves out of view.
Okay, then.
You hit the will-o-the-wisp.
The will-o-the-wisp is moderately damaged.
The will-o-the-wisp gestures.
The will-o-the-wisp conjures some marshlight! 2 foxfires come into view.
You hit the will-o-the-wisp.
The will-o-the-wisp appears confused.
The will-o-the-wisp is moderately damaged.
The foxfire hits you!
* * * LOW HITPOINT WARNING * * *
The foxfire dissipates!
The foxfire hits you.
You die...

♣♣~~~§.♣~.§.~♣
♣..§~~...§vv.♣ ♣
♣♣.......§v§§♣.~
♣.~~..^.~§§~.>♣♣
♣.§~.~§~~§~~~.~~
♣♣~.~~~~v~.~~...
♣♣..§§§♣♣♣♣♣.~.
♣~..§v♣♣ ~
♣....v@♣♣♣♣♣
♣♣....~~..~~.§~.~.~
♣~.....~.♣♣♣.....~~
♣.~~.♣.♣♣♣ .~.~.~~
♣.~~..~♣ .~~~...
♣.§~..~♣♣♣♣♣.~~~..~
♣.~~....♣♣~~~...♣♣.
♣.)~..~...~.~~~~>.~
♣~.~~~~~....~~§~..~


You could see a will-o-the-wisp (strong, confused).

Vanquished Creatures
  A death yak (D:9)
  A goliath frog (Swamp:1)
  A skyshark (Lair:2)
  6 cane toads
  A rime drake (Lair:1)
  A komodo dragon (Lair:2)
  A troll (D:9)
  2 polar bears
  A tyrant leech (Swamp:1)
  A hornet (Swamp:1)
  Grinder (D:4)
  7 blink frogs
  A shadow (D:9)
  A spriggan (Swamp:1)
  3 wyverns
  Sigmund (D:4)
  11 yaks
  A steam dragon (D:8)
  Edmund (D:5)
  11 water moccasins
  3 nagas (Lair:2)
  Duvessa (D:4)
  An acid dragon (D:9)
  A sky beast (D:7)
  2 orc warriors
  An ice beast (D:7)
  3 black bears
  An ogre (D:6)
  5 wolves (Lair:2)
  3 centaurs
  2 phantoms (D:6)
  10 bullfrogs
  2 kobold brigands
  2 scorpions
  11 wights
  Dowan (D:4)
  5 killer bees (D:9)
  2 electric eels (Lair:2)
  4 howler monkeys
  A hound (D:6)
  2 jellies
  5 orc priests
  Crazy Yiuf (D:4)
  12 orc wizards
  2 sleepcaps
  Jessica (D:3)
  2 iguanas
  Ijyb (D:4)
  Terence (D:2)
  7 adders
  4 white imps
  3 dart slugs
  4 ribbon worms
  43 orcs
  6 ball pythons
  8 endoplasms
  4 giant cockroaches
  10 goblins
  9 hobgoblins
  6 jackals
  6 quokkas
  9 bats
  4 frilled lizards
  19 kobolds
  4 rats
288 creatures vanquished.

Vanquished Creatures (collateral kills)
  A basilisk (Lair:2)
  A naga (Lair:2)
2 creatures vanquished.

Vanquished Creatures (others)
  A wight (D:6)
  13 foxfires (Swamp:1)
14 creatures vanquished.

Grand Total: 304 creatures vanquished

Notes
Turn   | Place    | Note
-------+----------+-------------------------------------------
     0 | D:1      | javelincjr the Demonspawn Warper began the quest for the
                  | Orb.
     0 | D:1      | Reached XP level 1. HP: 16/16 MP: 3/3
    24 | D:1      | Reached skill level 1 in Throwing
    32 | D:1      | Found Ikhliynn's Antique Weapon Emporium.
    54 | D:1      | Reached skill level 1 in Armour
   108 | D:1      | Gained mutation: You may rarely emit foul miasma when
                  | damaged in melee. [demonic ancestry]
   108 | D:1      | Reached XP level 2. HP: 20/22 MP: 5/5
   711 | D:2      | Gained mutation: You sometimes emit foul miasma when
                  | damaged in melee. [demonic ancestry]
   711 | D:2      | Reached XP level 3. HP: 25/28 MP: 6/6
   820 | D:2      | Learned a level 2 spell: Blink
   823 | D:2      | Learned a level 2 spell: Lesser Beckoning
   981 | D:2      | Noticed Terence
   987 | D:2      | Killed Terence
   988 | D:2      | Reached XP level 4. HP: 20/34 MP: 7/7
  1262 | D:2      | Reached skill level 3 in Fighting
  1517 | D:2      | Found a faded altar of an unknown god.
  1522 | D:2      | Prayed at the altar of an unknown god.
  1522 | D:2      | Became a worshipper of Ru the Awakened
  2253 | D:1      | Bought a runed trident for 182 gold pieces
  2378 | D:3      | Noticed Jessica
  2387 | D:3      | Killed Jessica
  2388 | D:3      | Gained mutation: A meltable shield of frost defends you.
                  | (SH +0) [demonic ancestry]
  2388 | D:3      | Reached XP level 5. HP: 26/41 MP: 8/8
  2415 | D:3      | Found a sparkling altar of Nemelex Xobeh.
  2576 | D:4      | Noticed Grinder
  2609 | D:4      | Paralysed by Grinder for 2 turns
  2614 | D:4      | Paralysed by Grinder for 2 turns
  2622 | D:4      | Paralysed by Grinder for 4 turns
  2663 | D:4      | Paralysed by Grinder for 5 turns
  2676 | D:4      | Killed Grinder
  2677 | D:4      | Reached skill level 4 in Fighting
  2677 | D:4      | Reached XP level 6. HP: 29/48 MP: 8/10
  2767 | D:4      | Found an ornate altar of the Wu Jian Council.
  2774 | D:4      | Found an opulent altar of Gozag.
  2774 | D:4      | Found a hide-covered altar of Uskayaw.
  2776 | D:4      | Found a bloodstained altar of Trog.
  2798 | D:4      | Noticed Duvessa
  2804 | D:4      | Noticed Dowan
  2818 | D:4      | Killed Duvessa
  2819 | D:4      | Gained mutation: You are partially covered in slimy green
                  | scales. (AC +2) [demonic ancestry]
  2819 | D:4      | Reached XP level 7. HP: 27/55 MP: 11/11
  2838 | D:4      | Killed Dowan
  2969 | D:4      | Found a runed translucent door.
  2970 | D:4      | Noticed Crazy Yiuf
  2979 | D:4      | Killed Crazy Yiuf
  3092 | D:4      | Noticed Sigmund
  3107 | D:4      | Killed Sigmund
  3228 | D:4      | Noticed Ijyb
  3229 | D:4      | Paralysed by Ijyb for 4 turns
  3239 | D:4      | Paralysed by Ijyb for 4 turns
  3240 | D:4      | Killed Ijyb
  3341 | D:5      | Entered Level 5 of the Dungeon
  3485 | D:5      | Reached skill level 5 in Fighting
  3637 | D:5      | Reached XP level 8. HP: 62/62 MP: 13/13
  3731 | D:5      | Noticed Edmund
  3745 | D:5      | Killed Edmund
  4070 | D:5      | Found Hacuywkov's Serpentskin Sales.
  4316 | D:6      | Learned a level 3 spell: Teleport Other
  4440 | D:6      | Found a staircase to the Ecumenical Temple.
  4470 | Temple   | Entered the Ecumenical Temple
  4479 | Temple   | Fell from the grace of Ru
  4479 | Temple   | Became a worshipper of Makhleb the Destroyer
  4531 | D:6      | Reached skill level 6 in Fighting
  4782 | D:6      | Gained mutation: You are mostly covered in slimy green
                  | scales. (AC +3) [demonic ancestry]
  4782 | D:6      | Reached XP level 9. HP: 63/70 MP: 15/15
  4999 | D:6      | Reached skill level 5 in Translocations
  5202 | D:7      | Reached * piety under Makhleb
  5796 | D:8      | Reached skill level 7 in Fighting
  5852 | D:8      | Found a shimmering altar of Xom.
  5854 | D:8      | Found a shimmering altar of Xom.
  5857 | D:8      | Found a shimmering altar of Xom.
  5923 | D:8      | Reached skill level 5 in Polearms
  6009 | D:8      | Reached skill level 5 in Dodging
  6184 | D:8      | Learned a level 4 spell: Manifold Assault
  6189 | D:8      | Found a shimmering altar of Xom.
  6352 | D:8      | Identified the +2 robe "Vaop" {Dex+4}
  6455 | D:8      | Reached skill level 5 in Spellcasting
  6670 | D:8      | Reached skill level 5 in Armour
  7087 | D:8      | Reached ** piety under Makhleb
  7200 | D:9      | Gained mutation: You frequently emit foul miasma when
                  | damaged in melee. [demonic ancestry]
  7200 | D:9      | Reached XP level 10. HP: 78/80 MP: 17/17
  7275 | D:9      | Reached skill level 8 in Fighting
  7312 | D:9      | Noticed a death yak
  7328 | D:9      | Killed a death yak
  7339 | D:9      | Found a staircase to the Lair.
  7735 | Lair:1   | Entered Level 1 of the Lair of Beasts
  7803 | Lair:1   | Reached *** piety under Makhleb
  7804 | Lair:1   | Noticed a cane toad
  7816 | Lair:1   | Killed a cane toad
  7817 | Lair:1   | Reached skill level 1 in Invocations
  7876 | Lair:1   | Noticed a cane toad
  7884 | Lair:1   | Killed a cane toad
  7885 | Lair:1   | Reached skill level 9 in Fighting
  7885 | Lair:1   | Reached skill level 1 in Stealth
  8163 | Lair:1   | Identified the +1 ring mail "Zesesch" {Dex+3}
  8259 | Lair:1   | Reached XP level 11. HP: 89/89 MP: 19/19
  8991 | Lair:2   | Found a staircase to the Snake Pit.
  9336 | Lair:2   | Found a staircase to the Swamp.
  9704 | Lair:2   | Reached skill level 10 in Fighting
  9714 | Lair:2   | Reached **** piety under Makhleb
  9881 | Lair:2   | Noticed a skyshark
  9911 | Lair:2   | Killed a skyshark
 10222 | Swamp:1  | Entered Level 1 of the Swamp
 10276 | Swamp:1  | Noticed a spriggan rider
 10323 | Swamp:1  | Noticed a goliath frog
 10342 | Swamp:1  | Killed a goliath frog
 10461 | Swamp:1  | HP: 2/91 [will-o-the-wisp/foxfire (11)]
 10461 | Swamp:1  | Killed from afar by a will-o-the-wisp

Illustrated notes

Levels and vault maps discovered:
D:1:      dpeg_arrival_arbitrary_c, layout_basic, serial_shops, shop,
          serial_bayou_ford_a
D:2:      kennysheep_six_static_rooms, layout_loops_corners,
          hellmonk_ecumenical_altar_heavens_door, hangedman_decor_opposing,
          minivault_11, uniq_terence
D:3:      layout_basic, nemelex_spade_bored_becter, st_stairs_6, uniq_jessica
D:4:      layout_rooms, minitemple, nicolae_concentric_dashed_squares_mild,
          uniq_duvessa, uniq_sigmund, uniq_crazy_yiuf_cottage, uniq_grinder,
          uniq_ijyb
D:5:      layout_basic, guppyfry_shop_venom, uniq_edmund
D:6:      layout_rooms, minmay_temple_entry_wispy
D:7:      layout_basic
D:8:      layout_layer_cave, xom_shifter_show, amethyst_killhole
D:9:      layout_rooms, david_lair_generic
Temple:   minmay_freezing_vapour_temple
Lair:1:   layout_loops_ring, st_stairs_10, chequers_serial_rivers_room_b,
          dreamdust_mushroom_princess
Lair:2:   layout_regular_city, minmay_swamp_entry_eels,
          minmay_snake_entry_guardpost_small, grunt_megastairs_2,
          lemuel_fruit_tree
Swamp:1:  layout_basic_swamp, nicolae_swamp_treefoil, swamp_pool_1_2,
          nicolae_swamp_oxbows, nicolae_swamp_triple_paths

Skill      XL: |  1  2  3  4  5  6  7  8  9 10 11 |
---------------+----------------------------------+-----
Throwing       | 1 |  1.0
Armour         | 1 2 3 4 5 6 |  6.7
Polearms       | 2 3 4 5 6 7 |  7.0
Dodging        | 2 3 4 5 6 |  6.8
Translocations | 3 4 5 6 7 |  7.1
Fighting       | 3 4 5 6 7 9 10 | 10.2
Spellcasting   | 3 4 5 6 |  6.7
Invocations    | 2 4 |  4.6
Stealth        | 1 3 |  3.5
Shields        | |  0.2

Action                     |  1- 3 |  4- 6 |  7- 9 | 10-12 || total
---------------------------+-------+-------+-------+-------++-------
  Melee: Spear             |   157 |    35 |    24 |   565 ||   781
         Trident           |       |   152 |   593 |       ||   745
  Throw: Dart              |       |     6 |       |       ||     6
         Boomerang         |       |     1 |    13 |    11 ||    25
   Cast: Blink             |       |     1 |       |     1 ||     2
         Lesser Beckoning  |       |       |     1 |       ||     1
         Manifold Assault  |       |       |       |    26 ||    26
         Teleport Other    |       |       |       |     1 ||     1
 Invoke: Minor Destruction |       |       |       |    11 ||    11
         Lesser Servant of |       |       |       |     1 ||     1
    Use: Scroll            |       |       |    15 |     6 ||    21
         Potion            |       |       |       |     3 ||     3
   Stab: Sleeping          |     2 |       |       |       ||     2
         Confused          |       |       |       |     7 ||     7
         Petrifying        |       |       |       |     1 ||     1
         Petrified         |       |       |       |     3 ||     3
 Armour: Leather armour    |    91 |       |       |       ||    91
         Scale mail        |       |   129 |    10 |       ||   139
         Ring mail         |       |       |   419 |   380 ||   799
  Dodge: Dodged            |    68 |    62 |   276 |   246 ||   652
  Block: Other             |       |    10 |    85 |    68 ||   163
         Buckler           |       |       |       |     3 ||     3

Table legend: (Time is in decaauts)
 A = Elapsed time spent in this place.
 B = Non-inter-level travel time spent in this place.
 C = Inter-level travel time spent in this place.
 D = Time resting spent in this place.
 E = Time spent auto-exploring this place.
 F = Levels seen in this place.
 G = Mean time per level.
                   A        B        C        D        E       F      G
               +--------+--------+--------+--------+--------+-----+--------+
         Total |  10442 |  10039 |    403 |    285 |   7079 |  13 |  803.2 |
       Dungeon |   7779 |   7390 |    389 |     20 |   5348 |   9 |  864.3 |
        Temple |     18 |     18 |      0 |      0 |      0 |   1 |   18.0 |
          Lair |   2411 |   2397 |     14 |    243 |   1638 |   2 | 1205.5 |
         Swamp |    232 |    232 |      0 |     22 |     92 |   1 |  232.0 |
               +--------+--------+--------+--------+--------+-----+--------+

Top non-repeatable levels by time:
     D:8: 1400 daAuts
  Lair:2: 1230 daAuts
  Lair:1: 1180 daAuts
     D:2: 1172 daAuts
     D:5: 1026 daAuts
     D:3: 861 daAuts
     D:4: 801 daAuts
     D:6: 728 daAuts
     D:7: 707 daAuts
     D:1: 549 daAuts
     D:9: 532 daAuts
 Swamp:1: 232 daAuts
  Temple: 18 daAuts
